AoeStats
← bosmansc6

Socotra

504069632Analyzed
2v2 RM · 1mo ago on Sep 3, 2026· 31m 29s· 4 players
Game mode
Random Map
Map size
Tiny (2 player)
Population
200
Speed
Normal
Resources
Standard
Victory
Conquest
Starting age
Dark Age
Ending age
Imperial Age
RankedLock teamsTeams togetherTeam positionsShared explorationLock speedFull tech treeHidden civsTurbo modeCheats
Victory
Defeat
🇳🇱 Vietnamese · Netherlands
1245
+13
🇧🇪 Franks · Belgium
1244
+13
🇩🇪 Franks · Germany
1188
-13
🇩🇪 Persians · Germany
1184
-13
Beachboyboss
7:03 Loom
10:44 Feudal Age
12:31 Double-Bit Axe
16:44 Forging
17:09 Town Watch
17:53 Scale Barding Armor
22:06 Castle Age
lassenheimer
7:04 Loom
10:03 Feudal Age
17:41 Castle Age
15:54 Double-Bit Axe
16:53 Horse Collar
17:22 Stone Mining
17:57 Gold Mining
20:42 Crossbowman
27:26 Thumb Ring
28:14 Wheelbarrow
31:14 Fletching
FragileCookie
3:59 Loom
7:00 Loom
9:39 Feudal Age
10:22 Double-Bit Axe
20:09 Castle Age
18:52 Scale Barding Armor
18:47 Gold Mining
21:24 Bow Saw
21:51 Forging
28:12 Wheelbarrow
28:55 Chain Barding Armor
bosmansc6
7:26 Loom
12:12 Feudal Age
13:41 Double-Bit Axe
16:52 Castle Age
15:32 Horse Collar
15:43 Gold Mining
16:36 Forging
17:55 Bow Saw
20:23 Wheelbarrow
26:06 Heavy Plow
25:57 Stone Mining
26:32 Hand Cart
28:28 Scale Mail Armor
29:04 Iron Casting
31:00 Chain Mail Armor
Connection lost

Rejoining the realm…

Still unreachable

The connection could not be restored.

Session expired

The server has moved on; the page needs a fresh start.